Map: New Repugnancy LE

Players

JonSnow - Winner!

  • Race: Terran Terran
  • League: Diamond
  • Spawn Location: 1:00

PeLLy

  • Race: Zerg Zerg
  • League: Diamond
  • Spawn Location: 7:00

VOD

Have the link to the VOD?

Description

Time

  • Played on: Aug. 15, 2019, 4:52 p.m.
  • Length: 16:09
Show
View Real Time Build Order
Export as new Build Order

JonSnow Terran - Winner!

Build Orders: Mech 

Get SALT Encoding   

  12  0:01  SCV  
  13  0:13  SCV  
  14  0:18  Supply Depot  
  14  0:25  SCV  
  15  0:39  SCV  
  15  0:42  Barracks  
  16  0:47  Refinery  
  16  0:51  SCV  
  17  1:03  SCV  
  17  1:04  Refinery  
  18  1:15  SCV  
  19  1:28  SCV  
  19  1:29  Supply Depot, Marine  
  21  1:40  Orbital Command  
  21  1:47  Marine  
  22  2:04  Marine  
  22  2:07  SCV, Factory  
  24  2:20  SCV  
  24  2:22  Marine  
  26  2:32  SCV  
  27  2:40  Marine  
  28  2:53  Factory Tech Lab  
  28  2:57  Starport  
  28  3:00  Command Center  
  28  3:14  Barracks Tech Lab  
  28  3:15  SCV  
  29  3:27  SCV  
  30  3:34  Stimpack  
  30  3:35  Starport Reactor  
  30  3:40  Supply Depot  
  30  3:51  Engineering Bay  
  30  3:55  Factory  
  30  4:02  Marauder, Siege Tank  
  35  4:03  SCV  
  35  4:05  Refinery  
  36  4:12  Orbital Command  
  36  4:14  Refinery  
  36  4:17  Supply Depot  
  36  4:19  Medivac  
  38  4:27  SCV  
  39  4:43  Factory Tech Lab  
  39  4:45  Factory  
  39  4:47  SCV x2  
  41  4:59  SCV  
  42  5:03  SCV  
  43  5:10  Cyclone  
  43  5:11  SCV  
  43  5:12  Armory  
  47  5:15  Terran Infantry Armor Level 1, SCV  
  47  5:21  Hellion  
  50  5:23  SCV  
  51  5:29  Mag-Field Accelerator  
  51  5:31  SCV  
  52  5:35  SCV  
  52  5:42  Hellion  
  55  5:43  SCV  
  55  5:48  SCV  
  57  5:55  SCV, Medivac  
  57  5:56  Viking  
  62  5:57  Factory Tech Lab  
  62  6:00  Supply Depot  
  62  6:09  Terran Vehicle Weapons Level 1  
  62  6:21  SCV x2  
  62  6:22  Hellion x2  
  68  6:25  Viking  
  70  6:42  Supply Depot  
  70  6:53  Command Center  
  70  7:04  Viking, SCV x2, Hellion x2  
  70  7:05  Supply Depot  
  78  7:09  Terran Infantry Weapons Level 1  
  78  7:26  SCV, Missile Turret, Hellion x2  
  78  7:27  Supply Depot  
  83  7:30  Missile Turret  
  83  7:41  Viking  
  85  7:48  Siege Tank, Thor  
  94  7:52  Supply Depot  
  94  8:03  Terran Ship Weapons Level 1  
  94  8:05  Viking, Siege Tank  
  99  8:11  Viking  
  101  8:18  Refinery  
  101  8:20  Supply Depot  
  101  8:21  Hellion  
  103  8:31  Orbital Command, Hellion  
  105  8:35  Viking  
  105  8:37  Thor  
  113  8:42  Supply Depot, Hellion  
  113  8:48  SCV x2  
  117  8:53  Hellion  
  119  8:56  Infernal Pre-Igniter  
  119  9:00  SCV x2  
  121  9:03  Hellion, Marine  
  121  9:05  Supply Depot  
  124  9:12  SCV  
  124  9:14  Thor  
  131  9:20  SCV x2  
  133  9:34  Marauder, SCV x3, Hellion  
  133  9:36  Supply Depot  
  140  9:40  Refinery  
  140  9:46  SCV  
  141  9:57  Terran Vehicle And Ship Armor Level 1, Marine  
  141  9:58  Hellbat, Hellion x2  
  141  9:59  Supply Depot  
  148  10:02  Starport  
  148  10:05  Factory  
  148  10:20  Thor  
  148  10:21  Marauder  
  156  10:22  Supply Depot  
  156  10:40  Viking, Hellion  
  152  10:44  Thor  
  152  10:45  Medivac  
  152  10:49  Medivac  
  162  10:51  Factory Tech Lab  
  162  11:01  Siege Tank  
  165  11:11  Siege Tank, Supply Depot  
  168  11:13  Supply Depot  
  168  11:15  Medivac  
  170  11:19  Command Center  
  170  11:27  Siege Tank  
  173  11:34  Hellion  
  173  11:36  Supply Depot  
  175  11:43  Hellion  
  177  11:51  Terran Vehicle Weapons Level 2  
  177  11:55  Hellion  
  177  11:56  Marine  
  177  11:59  Supply Depot, Hellion  
  182  12:05  Hellion  
  184  12:14  Marauder  
  184  12:16  Hellion  
  184  12:20  Hellion  
  186  12:24  Hellion  
  186  12:26  Hellion  
  186  12:30  Command Center  
  186  12:35  Marine  
  187  12:37  Siege Tank  
  187  12:42  Hellion  
  192  12:46  Hellion  
  192  12:47  Hellion  
  196  12:54  Marauder  
  155  13:03  Hellion  
  155  13:04  Viking x3  
  161  13:07  Hellion  
  161  13:09  Hellion  
  161  13:10  Hellion  
  167  13:14  Marine  
  168  13:25  Hellion  
  166  13:29  Hellion  
  166  13:30  Hellion  
  166  13:31  Hellion  
  166  13:32  Marine  
  149  13:46  Hellion  
  151  13:50  Hellion  
  151  13:51  Marauder  
  151  13:52  Widow Mine  
  151  13:53  Hellion  
  155  14:07  Widow Mine  
  157  14:11  Hellion  
  157  14:12  Marine  
  157  14:13  Hellion  
  157  14:14  Hellion  
  154  14:29  Viking, Marine, Hellion  
  159  14:32  Siege Tank  
  159  14:34  Siege Tank  
  159  14:35  Siege Tank  
  168  14:48  Marauder  
  168  14:50  Siege Tank  
  173  15:04  Thor  
  173  15:06  Thor  
  185  15:07  Siege Tank  
  185  15:09  Marine  
  185  15:22  Siege Tank  
  185  15:26  Marine  
  178  15:31  Viking x2  
  169  15:37  SCV x4  
  169  15:42  Refinery  
  162  15:43  Refinery  
  162  15:49  SCV  
  158  16:04  Refinery  
  158  16:08  Refinery  
Show
View Real Time Build Order
Export as new Build Order

PeLLy Zerg 

Build Orders: Hatch First, Swarm Host 

Get SALT Encoding   

  12  0:00  Drone  
  13  0:12  Overlord  
  13  0:22  Drone  
  14  0:31  Drone x2  
  16  0:35  Drone  
  17  0:53  Hatchery  
  16  0:57  Drone  
  17  1:11  Spawning Pool  
  16  1:12  Drone  
  17  1:18  Extractor  
  17  1:19  Drone  
  17  1:24  Drone  
  18  1:28  Drone  
  19  1:39  Drone  
  20  1:50  Drone  
  21  2:00  Overlord  
  21  2:05  Queen  
  21  2:06  Queen  
  21  2:08  Zergling x2  
  26  2:14  Drone  
  27  2:17  Zergling x2  
  28  2:24  Zergling x2  
  29  2:38  Zergling x4  
  29  2:39  Zergling x2  
  32  2:47  Drone  
  33  2:59  Metabolic Boost  
  33  3:00  Hatchery  
  33  3:04  Baneling Nest, Drone  
  33  3:05  Drone x2  
  34  3:11  Overlord  
  33  3:38  Evolution Chamber  
  33  3:39  Drone x3, Extractor  
  34  3:42  Drone x4  
  38  3:53  Baneling  
  38  3:54  Baneling x6  
  38  3:58  Queen  
  40  4:14  Zerg Melee Weapons Level 1  
  40  4:24  Queen  
  42  4:34  Overlord x2  
  42  4:52  Drone x10  
  52  4:53  Drone x7  
  52  4:58  Overlord  
  59  5:07  Roach Warren  
  57  5:23  Drone x8  
  57  5:24  Extractor  
  57  5:25  Extractor, Zergling x2  
  57  5:26  Zergling x2  
  65  5:28  Overlord  
  65  5:31  Overlord  
  65  5:35  Baneling x2  
  65  5:47  Extractor  
  65  5:49  Extractor, Lair  
  63  5:50  Overlord  
  63  5:52  Overlord  
  63  6:00  Evolution Chamber  
  62  6:14  Zerg Missile Weapons Level 1  
  62  6:24  Roach x16  
  94  6:31  Drone x2  
  96  6:33  Drone  
  96  6:39  Lair  
  97  6:45  Overlord x3  
  97  7:01  Hatchery  
  96  7:06  Drone x9  
  105  7:24  Zerg Melee Weapons Level 2  
  105  7:26  Centrifical Hooks  
  105  7:28  Glial Reconstitution  
  105  7:49  Pneumatized Carapace  
  105  7:52  Drone x2  
  105  7:55  Drone x3  
  110  8:00  Queen x2  
  110  8:04  Spire  
  113  8:06  Spore Crawler x2, Overseer  
  113  8:07  Overseer  
  113  8:10  Spore Crawler  
  113  8:11  Drone x3  
  113  8:15  Drone  
  113  8:16  Drone x7  
  121  8:30  Zergling x2  
  122  8:34  Overlord x2  
  122  8:35  Extractor  
  122  8:36  Extractor  
  120  8:43  Nydus Network  
  120  8:45  Spore Crawler  
  120  8:48  Zergling x18  
  127  8:49  Overlord  
  127  8:50  Overlord x2  
  128  9:10  Zergling x26  
  139  9:17  Hydralisk Den  
  139  9:20  Zerg Missile Weapons Level 2  
  138  9:24  Zerg Flyer Weapons Level 1  
  138  9:29  Infestation Pit  
  137  9:40  Baneling x10  
  137  10:06  Drone x7  
  144  10:09  Hydralisk x11  
  166  10:30  Overlord x3  
  166  10:31  Overlord  
  166  10:42  Hatchery  
  162  10:51  Hive  
  162  11:19  Overlord x4  
  162  11:22  Swarm Host x10  
  192  11:49  Spine Crawler  
  192  11:51  Spine Crawler  
  188  11:59  Hatchery  
  180  12:20  Baneling x8  
  180  12:21  Baneling x21  
  172  12:44  Overlord x5  
  172  12:45  Overlord  
  119  12:58  Hydralisk  
  119  12:59  Hydralisk x6  
  119  13:00  Zergling x6  
  118  13:08  Zergling x2  
  118  13:10  Drone  
  120  13:16  Hatchery  
  120  13:17  Greater Spire  
  119  13:22  Baneling x4  
  101  13:53  Zergling x36  
  116  14:03  Extractor  
  116  14:04  Extractor  
  108  14:12  Hatchery  
  64  14:25  Corruptor x9  
  60  14:40  Spine Crawler  
  60  14:42  Drone, Spine Crawler  
  60  14:43  Corruptor x7  
  71  14:56  Brood Lord  
  71  14:57  Brood Lord x2  
  71  14:58  Brood Lord  
  71  14:59  Brood Lord  
  81  15:01  Brood Lord x4  
  84  15:17  Brood Lord x4  
Tags
 
Add a new tag
Caveats
  • Supply blocks, unpowered buildings, or Contaminate may cause inaccurate times.
  • Supply counts are checked every 10 seconds.